 Dungeon Crawl Stone Soup version 0.30-a0-779-g7971cf19c3 (webtiles) character file.

Game seed: 10313236303064187241

129747 theswoord the Gelid (level 17, -11/166 HPs)
             Began as a Naga Ice Elementalist on Feb 16, 2023.
             Was the Champion of Kikubaaqudgha.
             Mangled by a ghost moth (12 damage)
             ... on level 4 of the Spider Nest on Feb 17, 2023.
             The game lasted 01:29:33 (31479 turns).

theswoord the Gelid (Naga Ice Elementalist)        Turns: 31479, Time: 01:29:33

Health: -11/166    AC: 15    Str: 10 (11) XL:     17   Next: 6%
Magic:  0/42       EV: 14    Int: 20 (21) God:    Kikubaaqudgha [******]
Gold:   2557       SH:  0    Dex: 11 (14) Spells: 6/40 levels left

rFire   . . .      SeeInvis +    o - +9 demon whip (pain)
rCold   . . .      Faith    .    (no shield)
rNeg    . . .      Spirit   .    t - +2 robe {Will+}
rPois   +          Reflect  .    H - +2 helmet
rElec   .          Harm     .    X - +2 cloak
rCorr   .          Rampage  .    L - +0 pair of gloves
Will    +++..                    (no barding)
Stlth   ++                       y - amulet of magic regeneration
HPRegen 0.47/turn                D - +5 ring of evasion
MPRegen 0.68/turn                a - ring of magical power

@: hasted, studying Shields, quick
A: AC +5, large, see invisible, deformed body, poison resistance, slowness 2,
spit poison 1, naga tail 2
a: Spit Poison, Renounce Religion, Unearth Wretches, Torment


You were on level 4 of the Spider Nest.
You worshipped Kikubaaqudgha.
Kikubaaqudgha was exalted by your worship.
You visited 5 branches of the dungeon, and saw 27 of its levels.

You collected 2728 gold pieces.
You spent 171 gold pieces at shops.

Inventory:

Hand Weapons
 o - a +9 demon whip of pain (weapon)
 s - a +1 flail of holy wrath
 u - the +7 war axe "Caico" {speed, Int+5}
   (You found it on level 5 of the Dungeon)

   Int:       It affects your intelligence (+5).
Armour
 q - +0 swamp dragon scales
 t - a +2 robe of willpower (worn)
 G - the +5 crystal plate armour of Hige Morph {Regen+ rCorr}
   (You found it on level 10 of the Dungeon)

   Regen:     It increases your rate of health regeneration.
   rCorr:     It protects you from acid and corrosion.
 H - a +2 helmet (worn)
 L - a +0 pair of gloves (worn)
 X - a +2 cloak (worn)
 Z - a +0 troll leather armour
Jewellery
 a - a ring of magical power (right hand)
 e - an amulet of regeneration
 h - a ring of resist corrosion
 k - an amulet of guardian spirit
 l - a ring of protection from cold
 x - a +6 ring of dexterity
 y - an amulet of magic regeneration (around neck)
 D - a +5 ring of evasion (left hand)
 O - a ring of protection from fire
Wands
 g - a wand of mindburst (4)
 i - a wand of light (36)
 A - a wand of digging (5)
 N - a wand of iceblast (29)
 T - a wand of charming (3)
Scrolls
 d - 8 scrolls of teleportation
 m - 9 scrolls of identify
 p - 2 scrolls of poison
 r - 7 scrolls of amnesia
 v - 6 scrolls of enchant armour
 w - a scroll of blinking
 z - 2 scrolls of brand weapon
 B - a scroll of magic mapping
 F - 4 scrolls of vulnerability
 R - 2 scrolls of torment
 S - a scroll of immolation
Potions
 b - a potion of magic
 c - 8 potions of flight
 f - 5 potions of curing
 j - 2 potions of lignification
 C - a potion of invisibility
 I - 4 potions of attraction
 J - 3 potions of mutation
 K - 2 potions of heal wounds
 M - a potion of might
 Q - 2 potions of brilliance
 U - a potion of cancellation
 V - 3 potions of haste


   Skills:
 + Level 14.2 Fighting
 - Level 1.5 Dodging
 - Level 3.0 Stealth
 + Level 12.0 Spellcasting
 + Level 16.2 Necromancy
 + Level 17.8 Ice Magic


You had 6 spell levels left.
You knew the following spells:

 Your Spells              Type           Power      Damage    Failure   Level
a - Freeze                Ice            100%       1d10      0%          1
b - Frozen Ramparts       Ice            100%       1d16      0%          3
c - Ozocubu's Armour      Ice            70%        N/A       0%          3
d - Summon Ice Beast      Ice/Summ       47%        N/A       1%          4
e - Simulacrum            Ice/Necr       34%        N/A       1%          6
f - Ozocubu's Refrigerat  Ice            35%        4d15      3%          7
g - Dispel Undead         Necr           67%        3d23      1%          4
h - Death Channel         Necr           33%        N/A       1%          6

Your spell library contained the following spells:

 Spells                   Type           Power      Damage    Failure   Level
 Necrotise                Necr           100%       1d9       0%          1
 Sublimation of Blood     Necr           67%        N/A       0%          2
 Kiss of Death            Conj/Necr      100%       2d13      1%          1
 Ensorcelled Hibernation  Hex/Ice        94%        N/A       1%          2
 Hailstorm                Conj/Ice       47%        3d11      1%          3
 Anguish                  Hex/Necr       22%        N/A       1%          4
 Animate Dead             Necr           67%        N/A       1%          4
 Ice Form                 Ice/Tmut       47%        N/A       1%          4
 Agony                    Necr           67%        N/A       1%          5
 Apportation              Tloc           24%        N/A       5%          1
 Magic Dart               Conj           48%        1d5       5%          1
 Sandblast                Erth           24%        2d8       5%          1
 Slow                     Hex            48%        N/A       5%          1
 Sting                    Tmut/Pois      48%        1d5       5%          1
 Borgnjor's Vile Clutch   Necr/Erth      22%        N/A       5%          5
 Blink                    Tloc           24%        N/A       9%          2
 Call Imp                 Summ           12%        N/A       9%          2
 Lesser Beckoning         Tloc           24%        N/A       9%          2
 Passwall                 Tmut/Erth      10%        N/A       9%          2
 Poisonous Vapours        Pois/Air       24%        N/A       9%          2
 Scorch                   Fire           24%        2d6       9%          2
 Searing Ray              Conj           24%        2d5       9%          2
 Freezing Cloud           Conj/Ice/Air   17%        6-21      14%         5
 Gell's Gravitas          Tloc           12%        N/A       17%         3
 Mephitic Cloud           Conj/Pois/Air  12%        N/A       17%         3
 Spider Form              Tmut/Pois      12%        N/A       17%         3
 Stone Arrow              Conj/Erth      24%        3d8       17%         3
 Summon Guardian Golem    Hex/Summ       12%        N/A       17%         3
 Swiftness                Air            12%        N/A       17%         3
 Teleport Other           Tloc           12%        N/A       17%         3
 Vhi's Electric Charge    Tloc/Air       24%        N/A       17%         3
 Fulminant Prism          Conj/Hex       6%         3d7       50%         4
 Manifold Assault         Tloc           12%        N/A       50%         4
 Olgreb's Toxic Radiance  Pois           12%        N/A       50%         4
 Alistair's Intoxication  Tmut/Pois      8%         N/A       83%         5
 Arcjolt                  Conj/Air       6%         1d16      83%         5
 Fireball                 Conj/Fire      6%         3d5       83%         5
 Summon Forest            Summ/Tloc      6%         N/A       83%         5
 Yara's Violent Unravell  Hex/Tmut       6%         3d5       83%         5
 Eringya's Noxious Bog    Tmut/Pois      6%         N/A       100%        6
 Polar Vortex             Ice            35%        N/A       98%         9
 Enfeeble                 Hex            6%         N/A       100%        7
 Orb of Destruction       Conj           6%         9d6       100%        7
 Spellforged Servitor     Conj/Summ      6%         N/A       100%        7
 Storm Form               Tmut/Air       6%         N/A       100%        7
 Summon Hydra             Summ           6%         N/A       100%        7
 Maxwell's Capacitive Co  Air            6%         ∞         100%        8
 Death's Door             Necr           33%        N/A       100%        9
 Fire Storm               Conj/Fire      6%         8d2       100%        9


Dungeon Overview and Level Annotations

Branches:
Dungeon (15/15)            Temple (1/1) D:4            Lair (5/5) D:9
 Shoals (0/4) Lair:2       Spider (4/4) Lair:2        Slime (0/5) Lair:5
    Orc (2/2) D:11            Elf (0/3) Orc:2        Vaults (0/5) D:14
 Depths (0/4) D:15

Altars:
Ashenzari
Cheibriados
Dithmenos
Elyvilon
Fedhas
Gozag
Hepliaklqana
Kikubaaqudgha
Makhleb
Nemelex Xobeh
Okawaru
Qazlal
Ru
Sif Muna
Trog
Uskayaw
Vehumet
Wu Jian
Xom
Yredelemnul
Zin
The Shining One

Shops:
D:7 *   D:11 [   Orc:2 [:[?

Portals:
Trove: D:11 (show slimy rune of Zot)

Annotations:
D:6 1 runed translucent door, jazmu's ghost, novice DsHu
D:7 2 transporters
D:9 1 runed translucent door
D:14 exclusion: obsidian statue
Lair:1 2 transporters, Anon1729's ghost, journeyman OpMo


Innate Abilities, Weirdness & Mutations

Your serpentine skin is tough. (AC +5)
You have supernaturally acute eyesight. (SInv)
Armour fits poorly on your strangely shaped body.
Your system is resistant to poisons. (rPois)
You cover ground very slowly.
You can spit poison.
You can use your snake-like lower body to constrict enemies.


Message History

You hit the ghost moth but do no damage.
You constrict the ghost moth.
Your culicivora simulacrum struggles to get unstuck from the web.
The ghost moth closely misses you. x2; The ghost moth stings you.
The spark wasp stings you!!
* * * LOW HITPOINT WARNING * * *
The spark wasp shocks you!
* * * LOW HITPOINT WARNING * * *
The ghost moth stares at you.
You feel your power leaking away. The ghost moth hits you.
* * * LOW HITPOINT WARNING * * *
The ghost moth hits you but does no damage.
The ghost moth barely misses you.
Your culicivora simulacrum barely misses the jumping spider.
Your culicivora simulacrum pulls away from the web.
Okay, then.
You feel yourself speed up.
You constrict the ghost moth. The spark wasp completely misses you.
The ghost moth hits you.
* * * LOW HITPOINT WARNING * * *
The ghost moth hits you!
* * * LOW HITPOINT WARNING * * *
The ghost moth stings you!
* * * LOW HITPOINT WARNING * * *
The ghost moth stares at you.
You feel your power leaking away.
The ghost moth hits you but does no damage.
The ghost moth closely misses you.
The ghost moth stings you but does no damage.
A meliai comes into view. It is wielding a +0 war axe.
The jumping spider leaps!
The spark wasp stings you.
* * * LOW HITPOINT WARNING * * *
The spark wasp shocks you!
* * * LOW HITPOINT WARNING * * *
The ghost moth hits you!
* * * LOW HITPOINT WARNING * * *
You feel clumsy. The ghost moth barely misses you. The ghost moth stings you!
You die...
Kikubaaqudgha rasps: "You have failed me!
Welcome... death!"

******** ##?^![~.##
##~~[[.φ!~##
*#...!!.!!..##
*...........^#
**.......s...^##
*..............#
*^......yy.....##*
**.....ZZ.@.......*
*^....Z....y......**
*,...)............,* **
**~..^○~~Z...#.....,**
,**
*,.....#^...^#^....,,**
,,*
*,.....#s^....^....,~,**
,**
*,...........^#....,,,,*
**
*,...^.^#.....#,.y.,,,,*
*
**,.....##....^#^,..,,,,*


You could see a broodmother, 2 ghost moths, a spark wasp, a jumping spider (ally
target, simulacrum), a meliai (wandering), a friendly redback simulacrum and 3
friendly culicivora simulacra.

Vanquished Creatures
  2 emperor scorpions
  A ghost moth (Spider:4)
  A broodmother (Spider:1)
  7 vault guards (D:14)
  6 hydras
  3 centaur warriors
  A radroach (Spider:1)
  A catoblepas (Lair:5)
  7 boulder beetles
  2 tengu warriors (D:15)
  2 two-headed ogres
  6 death yaks
  Amaemon (Lair:2)
  2 skeletal warriors (D:15)
  An orb spider (Spider:2)
  Pikel (D:7)
  A lindwurm (Lair:5)
  2 orc knights (Orc:2)
  4 manticores
  2 deep elf pyromancers
  6 wolf spiders
  3 ugly things
  3 cyclopes
  A black mamba (Lair:5)
  15 elephants
  2 gargoyles
  4 cane toads
  A kobold demonologist (D:11)
  3 torpor snails
  5 komodo dragons
  2 rime drakes
  A tengu conjurer (D:14)
  4 trolls
  2 polar bears (Lair:5)
  15 blink frogs
  Prince Ribbit (D:7)
  Grinder (D:3)
  A hornet (Lair:1)
  7 tarantellas
  4 slime creatures (D:15)
  9 jumping spiders
  5 wyverns
  8 culicivoras
  2 wraiths
  A vampire (D:12)
  2 shadows (D:11)
  A basilisk (D:12)
  33 yaks
  21 redbacks
  8 vampire mosquitoes
  3 acid dragons
  10 water moccasins
  22 orc warriors
  2 black bears (D:6)
  2 sky beasts (D:7)
  4 ice beasts (D:9)
  9 ogres
  4 wolves
  A phantom (D:4)
  10 centaurs
  2 lemures (D:7)
  3 kobold brigands
  A scorpion (D:5)
  8 bullfrogs
  A necrophage (D:7)
  A gnoll sergeant (D:11)
  3 wights (D:8)
  2 electric eels (D:11)
  3 howler monkeys
  5 hounds
  2 jellies
  10 orc priests
  Crazy Yiuf (D:2)
  3 gnoll boudas (D:8)
  An iguana (D:6)
  16 orc wizards
  3 hell rats (Lair:1)
  4 adders
  21 gnolls
  3 shadow imps
  16 white imps
  3 ufetubi
  A worm (D:4)
  3 dart slugs
  50 orcs
  7 ball pythons
  3 bats (D:3)
  7 endoplasms
  2 giant cockroaches
  4 goblins
  5 hobgoblins
  9 jackals
  17 kobolds
  4 frilled lizards
  6 rats
  A spectral orc (D:3)
522 creatures vanquished.

Vanquished Creatures (collateral kills)
  Agnes (Spider:1)
  Gastronok (Lair:3)
  2 ghost moths
  An emperor scorpion (Spider:4)
  A stone giant (D:15)
  An ettin (Orc:1)
  3 hydras (Lair:5)
  2 radroaches (Spider:4)
  A vault guard (D:14)
  2 jorogumos
  3 catoblepae
  A centaur warrior (D:14)
  3 boulder beetles
  A tengu warrior (D:14)
  A death yak (Lair:3)
  Urug (Lair:5)
  2 sun moths
  4 pharaoh ants
  A skeletal warrior (D:15)
  4 orb spiders
  A lindwurm (Lair:5)
  2 steelbarb worms
  12 wolf spiders
  A cyclops (D:13)
  2 ugly things (D:14)
  2 moths of wrath
  12 elephants
  3 slime creatures (D:15)
  A black mamba (Lair:5)
  2 torpor snails
  2 demonic crawlers
  An orange demon (Lair:2)
  2 cane toads
  A rime drake (Lair:5)
  A kobold demonologist (D:12)
  2 efreet (D:15)
  A komodo dragon (Lair:2)
  A troll (D:12)
  26 tarantellas
  5 dream sheep (Lair:5)
  5 blink frogs (Lair:2)
  18 jumping spiders
  13 culicivoras
  9 yaks
  A wraith (D:12)
  A wyvern (Lair:5)
  2 basilisks
  40 redbacks
  A vampire mosquito (D:11)
  2 wargs
  An acid dragon (D:12)
  2 water moccasins
  6 orc warriors
  An ogre (Orc:1)
  2 wolves (Lair:4)
  3 centaurs (Orc:2)
  3 bullfrogs
  2 orc priests (Orc:2)
  2 orc wizards
  2 hell rats (Lair:1)
  5 orcs
  A plant (Lair:3)
238 creatures vanquished.

Vanquished Creatures (others)
  A broodmother (Spider:4)
  A spark wasp (Spider:4)
  A hydra (Lair:5)
  A steelbarb worm (Spider:1)
  A moth of wrath (Spider:4)
  A black mamba (Lair:5)
  A torpor snail (Lair:5)
  2 cane toads (Lair:5)
  A culicivora (Spider:4)
  A jumping spider (Spider:4)
  2 redbacks (Spider:4)
  An orc warrior (Orc:2)
  An orc wizard (D:13)
  A bush (Lair:5)
  3 demonic plants (D:4)
  30 fungi
  41 plants
90 creatures vanquished.

Grand Total: 850 creatures vanquished

Notes
Turn   | Place    | Note
-------+----------+-------------------------------------------
     0 | D:1      | theswoord the Naga Ice Elementalist began the quest for the
                  | Orb.
     0 | D:1      | Reached XP level 1. HP: 15/15 MP: 3/3
   203 | D:1      | Got Ecaetwau's Folio of Accelerants and Jinxing
   213 | D:1      | Reached XP level 2. HP: 2/22 MP: 1/5
  1016 | D:2      | Reached XP level 3. HP: 20/28 MP: 0/7
  1122 | D:2      | Learned a level 3 spell: Frozen Ramparts
  1126 | D:2      | Learned a level 3 spell: Ozocubu's Armour
  1345 | D:2      | Found a runed translucent door.
  1346 | D:2      | Noticed Crazy Yiuf
  1638 | D:2      | You fall into a shaft and drop 1 floor!
  1638 | D:3      | Found a shimmering blue altar of Sif Muna.
  1852 | D:2      | Reached XP level 4. HP: 27/36 MP: 3/8
  1990 | D:2      | Killed Crazy Yiuf
  1991 | D:2      | Reached skill level 5 in Ice Magic
  2248 | D:3      | Noticed Grinder
  2280 | D:3      | Killed Grinder
  2281 | D:3      | Reached XP level 5. HP: 19/42 MP: 3/11
  2281 | D:3      | Reached XP level 6. HP: 23/49 MP: 3/12
  2869 | D:3      | Found a basalt altar of Yredelemnul.
  2884 | D:3      | Reached skill level 6 in Ice Magic
  3093 | D:4      | Noticed an orc warrior
  3116 | D:4      | Killed an orc warrior
  3117 | D:4      | Reached skill level 5 in Spellcasting
  3117 | D:4      | Reached XP level 7. HP: 32/55 MP: 2/14
  3484 | D:4      | Found a staircase to the Ecumenical Temple.
  3544 | Temple   | Entered the Ecumenical Temple
  3608 | Temple   | Became a worshipper of Kikubaaqudgha
  3645 | D:4      | Reached skill level 7 in Ice Magic
  3892 | D:4      | Found an ornate altar of the Wu Jian Council.
  4096 | D:4      | Reached XP level 8. HP: 43/62 MP: 14/17
  4381 | D:5      | Entered Level 5 of the Dungeon
  4389 | D:4      | Learned a level 4 spell: Summon Ice Beast
  4668 | D:5      | Found an iron altar of Okawaru.
  4991 | D:5      | Identified the +7 war axe "Caico" {speed, Int+5}
  5281 | D:6      | Reached * piety under Kikubaaqudgha
  5281 | D:6      | Received a gift from Kikubaaqudgha
  5292 | D:6      | Learned a level 6 spell: Simulacrum
  5363 | D:6      | Reached skill level 1 in Necromancy
  5363 | D:6      | Reached skill level 8 in Ice Magic
  5614 | D:6      | Found a runed translucent door.
  5618 | D:6      | Noticed jazmu's ghost (novice DsHu)
  5734 | D:6      | Got the Volume of Grisly Wanderlust
  5868 | D:6      | Reached XP level 9. HP: 66/68 MP: 15/19
  5934 | D:6      | Found a sparkling altar of Nemelex Xobeh.
  6033 | D:7      | Noticed a kobold demonologist
  6035 | D:7      | Found a transporter.
  6079 | D:7      | Noticed a kobold demonologist
  6225 | D:7      | Found a shimmering altar of Xom.
  6226 | D:7      | Found a shimmering altar of Xom.
  6226 | D:7      | Found a shimmering altar of Xom.
  6235 | D:7      | Found a shimmering altar of Xom.
  6276 | D:7      | Found a transporter.
  6287 | D:7      | Found Ethraloo's Assorted Antiques.
  6289 | D:7      | Noticed Pikel
  6300 | D:7      | Killed Pikel
  6301 | D:7      | Reached skill level 9 in Ice Magic
  6437 | D:7      | Noticed a harpy
  6437 | D:7      | Noticed a fire crab
  6475 | D:7      | a fire crab changed into a culicivora
  6612 | D:7      | Noticed Prince Ribbit
  6616 | D:7      | Killed Prince Ribbit
  6618 | D:7      | Reached skill level 5 in Necromancy
  7102 | D:8      | Found a glowing silver altar of Zin.
  7220 | D:8      | Reached XP level 10. HP: 44/72 MP: 16/22
  7226 | D:8      | Reached ** piety under Kikubaaqudgha
  7229 | D:8      | Reached skill level 10 in Ice Magic
  8071 | D:9      | Found a staircase to the Lair.
  8351 | D:9      | Found a hazy altar of Hepliaklqana.
  8413 | D:9      | Noticed a two-headed ogre
  8419 | D:9      | Killed a two-headed ogre
  8836 | D:9      | Noticed a death knight
  8836 | D:9      | Noticed a manticore
  8836 | D:9      | Noticed a wizard
  8837 | D:9      | Found a runed translucent door.
  8839 | D:9      | Noticed a deep elf pyromancer
  8839 | D:9      | Noticed a manticore
  8839 | D:9      | Noticed a deep elf pyromancer
  8839 | D:9      | Noticed a boulder beetle
  8839 | D:9      | Found the +5 demon whip "Spellbinder" {antimagic, disrupt,
                  | Will+}
  9041 | Lair:1   | Entered Level 1 of the Lair of Beasts
  9041 | Lair:1   | Noticed an elephant
  9041 | Lair:1   | Noticed an elephant
  9041 | Lair:1   | Noticed an elephant
  9041 | Lair:1   | Noticed an elephant
  9041 | Lair:1   | Noticed an elephant
  9070 | D:10     | Entered Level 10 of the Dungeon
  9198 | D:10     | Found a sacrificial altar of Ru.
  9200 | D:10     | Found a bloodstained altar of Trog.
  9645 | D:10     | Reached skill level 11 in Ice Magic
  9647 | D:10     | Reached XP level 11. HP: 40/81 MP: 19/24
  9647 | D:10     | Reached *** piety under Kikubaaqudgha
  9647 | D:10     | Received a gift from Kikubaaqudgha
  9995 | D:10     | Identified the +5 crystal plate armour of Hige Morph
                  | {Regen+ rCorr}
 10229 | D:11     | Noticed a cyan ugly thing
 10550 | Lair:1   | Reached skill level 10 in Spellcasting
 10812 | Lair:1   | Learned a level 7 spell: Ozocubu's Refrigeration
 10916 | Lair:1   | Found a transporter.
 10916 | Lair:1   | Noticed a skyshark
 10923 | Lair:1   | Found a transporter.
 10926 | Lair:1   | Noticed Anon1729's ghost (journeyman OpMo)
 10953 | Lair:1   | Reached skill level 1 in Fighting
 11321 | Lair:1   | Reached skill level 12 in Ice Magic
 11952 | Lair:2   | Found a hole to the Spider Nest.
 11962 | Lair:2   | Reached **** piety under Kikubaaqudgha
 11963 | Lair:2   | Reached XP level 12. HP: 56/99 MP: 2/26
 12167 | Lair:2   | Noticed a death yak
 12168 | Lair:2   | Noticed a catoblepas
 12189 | Lair:2   | Killed a death yak
 12193 | Lair:2   | Killed a catoblepas
 12285 | Lair:2   | Noticed Amaemon
 12291 | Lair:2   | Killed Amaemon
 12292 | Lair:2   | Reached skill level 5 in Fighting
 12292 | Lair:2   | Reached skill level 10 in Necromancy
 12970 | Lair:2   | Reached skill level 13 in Ice Magic
 13113 | Lair:2   | Found a staircase to the Shoals.
 13464 | Lair:2   | Noticed an eight-headed hydra
 13473 | Lair:2   | Killed an eight-headed hydra
 13869 | Lair:3   | Noticed a boulder beetle
 13891 | Lair:3   | Killed a boulder beetle
 13917 | Lair:3   | Noticed a death yak
 13917 | Lair:3   | Noticed a death yak
 13917 | Lair:3   | Noticed a death yak
 13917 | Lair:3   | Noticed a death yak
 13917 | Lair:3   | Noticed a death yak
 13926 | Lair:3   | Killed a death yak
 13942 | Lair:3   | Killed a death yak
 13944 | Lair:3   | Killed a death yak
 13944 | Lair:3   | Killed a death yak
 13945 | Lair:3   | Gained mutation: You can use your snake-like lower body to
                  | constrict enemies. [Naga growth]
 13945 | Lair:3   | Reached XP level 13. HP: 33/115 MP: 7/27
 14755 | Lair:3   | Learned a level 4 spell: Dispel Undead
 14893 | Lair:3   | Noticed Gastronok
 14909 | Lair:3   | Killed Gastronok
 15298 | Lair:4   | Reached skill level 14 in Ice Magic
 16304 | Lair:5   | Entered Level 5 of the Lair of Beasts
 16425 | Lair:5   | Reached ***** piety under Kikubaaqudgha
 17169 | Lair:5   | Reached XP level 14. HP: 129/129 MP: 4/28
 17560 | Lair:5   | Reached skill level 10 in Fighting
 17566 | Lair:5   | Reached skill level 15 in Ice Magic
 17635 | Lair:5   | Upgraded the game from 0.30-a0-778-g2ef04afb54 to
                  | 0.30-a0-779-g7971cf19c3
 18320 | Lair:5   | Identified the +0 ring mail "Enluggut" {Dex+7}
 18389 | Lair:5   | Found a staircase to the Slime Pits.
 18728 | Lair:5   | Noticed Urug
 18734 | Lair:5   | Killed Urug
 19594 | D:11     | Found a staircase to the Orcish Mines.
 19643 | D:11     | Found a portal to a secret trove of treasure.
 19712 | Orc:1    | Entered Level 1 of the Orcish Mines
 19891 | Orc:2    | Entered Level 2 of the Orcish Mines
 20382 | Orc:2    | Found a staircase to the Elven Halls.
 21075 | Orc:2    | Found Pirphuef's Armour Shoppe.
 21075 | Orc:2    | Found Liomn's Book Shop.
 21077 | Orc:2    | Found Xeynox's Antique Armour Boutique.
 21079 | Orc:2    | Found Wufrem's Magic Scroll Emporium.
 21091 | Orc:2    | Bought a scroll of summoning for 171 gold pieces
 22448 | D:11     | Found Ynith's Armour Emporium.
 23031 | D:12     | Reached ****** piety under Kikubaaqudgha
 23125 | D:12     | Reached XP level 15. HP: 80/142 MP: 23/29
 23515 | D:12     | Reached skill level 16 in Ice Magic
 24778 | D:14     | Found a gate to the Vaults.
 25646 | D:15     | Entered Level 15 of the Dungeon
 25872 | D:15     | Found an ancient bone altar of Kikubaaqudgha.
 26483 | D:15     | Reached skill level 15 in Necromancy
 26632 | D:15     | Found a staircase to the Depths.
 26647 | D:15     | HP: 4/146 [stone giant (20)]
 27089 | Spider:1 | Entered Level 1 of the Spider Nest
 27527 | Spider:1 | Reached XP level 16. HP: 156/156 MP: 23/30
 27550 | Spider:1 | Reached skill level 17 in Ice Magic
 27985 | Spider:1 | Learned a level 6 spell: Death Channel
 28420 | Spider:1 | Noticed Agnes
 28478 | Spider:1 | Killed Agnes
 29064 | Spider:2 | Identified a +4 demon whip of pain (a +2 demon whip of
                  | venom bloodied by Kikubaaqudgha)
 29064 | Spider:2 | Received a gift from Kikubaaqudgha
 30643 | Spider:4 | Entered Level 4 of the Spider Nest
 30986 | Spider:4 | HP: 5/159 [wolf spider (3)]
 31268 | Spider:4 | Reached XP level 17. HP: 166/166 MP: 29/33
 31479 | Spider:4 | HP: 1/166 [ghost moth (17)]
 31479 | Spider:4 | Mangled by a ghost moth

Skill      XL: |  1  2  3  4  5  6  7  8  9 10 11 12 13 14 15 16 |
---------------+-------------------------------------------------+-----
Spellcasting   | 3 4 5 6 7 8 9 10 12 | 12.0
Ice Magic      | 5 6 7 8 9 11 12 13 14 15 16 17 | 17.8
Necromancy     | 3 5 7 9 11 12 14 15 16 | 16.2
Fighting       | 4 7 9 11 13 14 | 14.2
Dodging        | |  1.5
Stealth        | |  3.0

Action                     |  1- 3 |  4- 6 |  7- 9 | 10-12 | 13-15 | 16-18 || total
---------------------------+-------+-------+-------+-------+-------+-------++-------
  Melee: Mace              |    23 |     1 |       |       |       |       ||    24
         Unarmed           |     1 |       |       |       |       |       ||     1
         Quarterstaff      |       |    49 |     6 |     7 |       |       ||    62
         Hand axe          |       |       |    51 |       |       |       ||    51
         War axe           |       |       |    73 |   227 |   560 |    65 ||   925
         Flail             |       |       |     4 |       |       |       ||     4
         Punch             |       |       |     2 |     4 |    17 |     4 ||    27
         Constrict         |       |       |       |       |   107 |    41 ||   148
         Demon whip        |       |       |       |       |       |    91 ||    91
   Cast: Freeze            |    41 |     9 |    28 |    33 |    70 |       ||   181
         Frozen Ramparts   |     2 |     7 |    23 |    40 |    68 |    11 ||   151
         Ozocubu's Armour  |       |     2 |     7 |    12 |    25 |     3 ||    49
         Summon Ice Beast  |       |       |     2 |     5 |     9 |     1 ||    17
         Simulacrum        |       |       |       |    30 |   149 |    67 ||   246
         Ozocubu's Refrige |       |       |       |       |     9 |     3 ||    12
         Dispel Undead     |       |       |       |       |     3 |       ||     3
         Death Channel     |       |       |       |       |       |    24 ||    24
 Invoke: Unearth Wretches  |       |       |       |       |     2 |     4 ||     6
         Torment           |       |       |       |       |     1 |       ||     1
         Brand Weapon With |       |       |       |       |       |     1 ||     1
  Evoke: Wand              |       |       |       |     1 |     1 |     1 ||     3
    Use: Scroll            |     3 |     6 |     4 |     9 |     6 |    14 ||    42
         Potion            |       |     4 |       |     3 |     6 |     5 ||    18
   Stab: Sleeping          |     2 |     1 |     4 |     2 |     4 |       ||    13
         Petrified         |       |       |       |     3 |       |       ||     3
         Distracted        |       |       |       |       |     4 |       ||     4
         Paralysed         |       |       |       |       |     1 |       ||     1
 Armour: Robe              |     7 |    22 |    79 |   137 |   437 |   187 ||   869
  Dodge: Dodged            |    30 |    29 |   120 |   256 |   894 |   312 ||  1641

Levels and vault maps discovered:
D:1:      sevenhm_arrival_forest_fort_small_4, layout_loops_ring
D:2:      layout_loops_ring, chequers_serial_rivers_room_b,
          uniq_crazy_yiuf_cottage
D:3:      layout_loops_ring, yredelemnul_forgotten_temple_becter,
          mainiacjoe_overflow_paths, chequers_serial_rivers_micro_e,
          uniq_grinder
D:4:      layout_rooms, nzn_wu_jian_council_hall,
          minmay_temple_entry_antechambers, serial_demonic, serial_demonic_c,
          serial_demonic_g, serial_demonic_c, serial_demonic_b,
          guppyfry_early_orc_mine
D:5:      layout_loops_ring, hellmonk_okawaru_the_only_friend_you_need
D:6:      layout_rooms, nemelex_diamond_rough_becter, gammafunk_ghost_grave
D:7:      gammafunk_wand_slinger, layout_loops_ring, xom_shifter_show,
          serial_shops, shop_coins, uniq_pikel, uniq_prince_ribbit1
D:8:      layout_loops_ring, zin_scriptorium, nicolae_zen_rock_garden
D:9:      minmay_gate_of_8, layout_stronghold, nicolae_overflow_crystal_walls,
          hellmonk_lair_entry_icy, minivault_16
D:10:     layout_grid_maze, chequers_temple_overflow_statue_of_worship
D:11:     layout_basic, serial_shops, kennysheep_little_box, enter_trove_6,
          fungi_pond_lemuel
D:12:     layout_irregular_city, eino_small_chamber_without_monster
D:13:     layout_roguey
D:14:     minmay_statue_hallways, layout_basic, erik_vaults_2,
          nicolae_figureground_sparkle
D:15:     grunt_enter_depths_snipers, layout_loops_ring,
          nicolae_kikubaaqudgha_miasma_corner
Temple:   nicolae_temple_ecumenical_triangle
Lair:1:   layout_hall_layers, gammafunk_ghost_arena,
          chequers_serial_rivers_room_b, lemuel_fruit_fields
Lair:2:   layout_concentric_octagons, shoals_dummy_entry, spider_nest_entry_a,
          minivault_11, beast_lair_carwin_6, uniq_amaemon
Lair:3:   layout_chaotic_city, uniq_gastronok
Lair:4:   layout_cave_shapes, nicolae_lair_grove_arrangements
Lair:5:   hangedman_lair_in_review, layout_cave_pods, dpeg_slime_entry_enclosed,
          uniq_urug
Spider:1: layout_spider_delve, uniq_agnes
Spider:2: layout_spider_delve, drop_trap
Spider:3: layout_spider_delve
Spider:4: grunt_spider_rune_parallel, uniq_aizul, uniq_mara, uniq_nikola
Orc:1:    layout_diamond_mine, portal_ice_cave_entry_imps
Orc:2:    st_orc_rangers, layout_caves
